AoeStats
← Blandengue

Nomad

507620744Analyzed
3v3 RM · 14d ago on Sep 19, 2026· 38m 32s· 6 players
Game mode
Random Map
Map size
210×210
Population
200
Speed
Normal
Resources
Standard
Victory
Conquest
Starting age
Dark Age
Ending age
Imperial Age
RankedLock teamsTeams togetherTeam positionsShared explorationLock speedFull tech treeHidden civsTurbo modeCheats
Victory
Defeat
🇵🇪 Khitans · Peru
1370
+14
🇵🇪 Spanish · Peru
1340
+15
🇵🇪 Vietnamese · Peru
1259
+17
🇺🇸 Wu · United States
1327
-16
🇺🇸 Persians · United States
1309
-15
🇺🇸 Mongols · United States
1299
-15
KnightofAvalon77
5:58 Loom
13:38 Feudal Age
19:02 Castle Age
17:30 Fletching
18:03 Double-Bit Axe
20:52 Medium Warships
21:21 Bow Saw
27:48 Horse Collar
32:01 Heavy Plow
32:16 Scale Mail Armor
33:41 Wheelbarrow
32:53 Town Watch
34:23 Squires
34:49 Chain Mail Armor
34:44 Forging
34:39 Demolition Ship
37:16 Hand Cart
36:24 Elite Skirmisher
40:45 Imperial Age
XxFrogxX
4:35 Loom
12:17 Feudal Age
17:22 Castle Age
21:00 Fletching
21:52 Bodkin Arrow
22:24 Scale Barding Armor
37:31 Double-Bit Axe
peaceman
4:55 Loom
11:53 Feudal Age
15:30 Fishing Lines
22:15 Castle Age
20:26 Gold Mining
21:03 Padded Archer Armor
20:54 Fletching
22:27 Elite Skirmisher
23:45 Double-Bit Axe
24:26 Leather Archer Armor
24:07 Bodkin Arrow
30:20 Ballistics
35:39 Clinker Construction
36:15 Wheelbarrow
Blandengue
3:53 Loom
14:06 Feudal Age
14:41 Double-Bit Axe
17:40 Fletching
18:41 Town Watch
19:27 Gold Mining
22:08 Castle Age
23:00 Medium Warships
24:02 Domestication
26:02 Stone Mining
26:40 Bodkin Arrow
27:25 Bow Saw
29:03 Wheelbarrow
29:05 Stone Shaft Mining
31:33 Forging
31:28 Scale Barding Armor
32:43 Pastoralism
32:59 Husbandry
36:45 Imperial Age
36:41 Chain Barding Armor
36:39 Light Cavalry
38:22 Transhumance
alexfca0828
9:04 Loom
14:04 Feudal Age
19:16 Castle Age
19:34 Double-Bit Axe
32:53 Bow Saw
tomitom
4:47 Loom
13:19 Feudal Age
17:45 Castle Age
17:36 Bloodlines
17:27 Padded Archer Armor
18:50 Husbandry
26:28 Horse Collar
32:59 Fletching
34:37 Bodkin Arrow
35:55 Town Watch
37:13 Wheelbarrow
40:47 Imperial Age
38:32 Double-Bit Axe
Connection lost

Rejoining the realm…

Still unreachable

The connection could not be restored.

Session expired

The server has moved on; the page needs a fresh start.